 Dungeon Crawl Stone Soup version 0.18.1-50-g88ac8fd (webtiles) character file.

10631 lorenzova the Thaumaturge (level 11, -8/54 HPs)
             Began as a Deep Elf Conjurer on Oct 23, 2016.
             Was the Champion of Sif Muna.
             Shot with an arrow by a centaur (13 damage)
             ... on level 11 of the Dungeon.
             The game lasted 00:36:39 (15030 turns).

lorenzova the Thaumaturge (Deep Elf Conjurer)      Turns: 15030, Time: 00:36:40

Health: -8/54      AC:  7    Str:  5    XL:     11   Next: 38%
Magic:  4/31       EV: 12    Int: 29    God:    Sif Muna [******]
Gold:   420        SH:  5    Dex: 15    Spells: 4 memorised, 23 levels left

rFire  . . .     SeeInvis .     C - +3 dagger (venom)
rCold  . . .     Gourm    .     N - +0 leather armour {rPois}
rNeg   . . .     Faith    .     H - +0 buckler
rPois  +         Spirit   .     M - +1 helmet
rElec  .         Dismiss  .     f - +0 cloak
rCorr  .         Reflect  .     z - +0 pair of gloves
SustAt .         Harm     .     (no boots)
MR     +....                    (no amulet)
Stlth  ++........               (no ring)
                                m - +5 ring of intelligence

@: very slightly contaminated, invisible (expiring), somewhat resistant to
hostile enchantments, unstealthy
A: talons 1
a: Channel Energy, Forget Spell, Renounce Religion


You were on level 11 of the Dungeon.
You worshipped Sif Muna.
Sif Muna was exalted by your worship.
You were near starving.

You visited 2 branches of the dungeon, and saw 12 of its levels.

You collected 536 gold pieces.
You spent 116 gold pieces at shops.

Inventory:

Hand Weapons
 C - a +3 dagger of venom (weapon)
Armour
 a - a +0 robe
 f - a +0 cloak (worn)
 z - a +0 pair of gloves (worn)
 H - a +0 buckler (worn)
 M - a +1 helmet (worn)
 N - a +0 leather armour of poison resistance (worn)
Jewellery
 m - a +5 ring of intelligence (left hand)
Wands
 q - a wand of random effects (17/48)
 r - a wand of random effects (20/48)
 x - a wand of acid (8/15)
 D - a wand of random effects (17/48)
 E - a wand of flame (15/48)
 R - a wand of disintegration (7/24)
Scrolls
 g - 3 scrolls of fog {unknown}
 h - a scroll of fear {unknown}
 i - 4 scrolls of recharging
 k - 4 scrolls of remove curse
 n - 3 scrolls of enchant armour {unknown}
 s - 9 scrolls of enchant weapon {unknown}
 t - 2 scrolls of noise {unknown}
 v - 4 scrolls of teleportation {unknown}
 w - a scroll of vulnerability {unknown}
 y - a scroll of immolation {unknown}
 I - 2 scrolls of random uselessness {unknown}
 O - 2 scrolls of magic mapping {unknown}
 P - a scroll of holy word
Potions
 d - 2 potions of flight
 e - 3 potions of agility
 l - 2 potions of might
 o - 2 potions of resistance
 p - 2 potions of mutation
 u - 4 potions of heal wounds
 G - a potion of cancellation
 K - 5 potions of curing
Books
 b - a book of Conjurations

   Spells                             Type                      Level
   a - Magic Dart                     Conjuration                  1
   b - Searing Ray                    Conjuration                  2
   c - Dazzling Spray                 Conjuration/Hexes            3
   d - Fulminant Prism                Conjuration/Hexes            4
   e - Iskenderun's Mystic Blast      Conjuration                  4
   f - Iskenderun's Battlesphere      Conjuration/Charms           5
 B - a book of Unlife

   Spells                             Type                      Level
   a - Recall                         Summoning/Translocation      3
   b - Animate Dead                   Necromancy                   4
   c - Control Undead                 Necromancy                   4
   d - Cigotuvi's Embrace             Necromancy                   5
   e - Death Channel                  Necromancy                   6
   f - Simulacrum                     Ice/Necromancy               6
 Q - a book of the Dragon

   Spells                             Type                      Level
   a - Flame Tongue                   Conjuration/Fire             1
   b - Cause Fear                     Hexes                        4
   c - Bolt of Fire                   Conjuration/Fire             6
   d - Dragon Form                    Transmutation                7
   e - Dragon's Call                  Summoning                    9
Comestibles
 c - 11 bread rations
 j - 2 meat rations
 F - 5 fruits
 J - a royal jelly
 L - 2 beef jerkies


   Skills:
 * Level 3.5 Armour
 - Level 2.4 Dodging
 - Level 2.4 Stealth
 * Level 3.1 Shields
 + Level 14.9 Spellcasting
 + Level 13.5 Conjurations


You had 23 spell levels left.
You knew the following spells:

 Your Spells              Type           Power        Failure   Level  Hunger
a - Magic Dart            Conj           ####         0%          1    None
b - Iskenderun's Battles  Conj/Chrm      ######..     10%         5    None
c - Iskenderun's Mystic   Conj           #######.     1%          4    None
m - Bolt of Fire          Conj/Fire      ######....   38%         6    ###....


Dungeon Overview and Level Annotations

Branches:
Dungeon (11/15)            Temple (1/1) D:5            Lair (0/8) D:8
    Orc (0/2) D:11

Altars:
Ashenzari
Cheibriados
Dithmenos
Elyvilon
Fedhas
Makhleb
Okawaru
Pakellas
Qazlal
Sif Muna
Trog
Vehumet

Shops:
D:4 (   D:7 *   D:11 %


Innate Abilities, Weirdness & Mutations

You have sharp toenails.


Message History

The centaur barely misses you.
The centaur shoots an arrow.
The arrow hits your battlesphere!
You see here an arrow.
The centaur shoots an arrow.
The arrow hits your battlesphere!
Your battlesphere is destroyed!
The centaur shoots an arrow.
The arrow closely misses you.
The centaur shoots an arrow. x2; You block the arrow.
You see here an arrow.
The centaur wields an uncursed shortbow.
The centaur shoots an arrow.
The arrow barely misses you.
You see here 3 arrows.
You kill the centaur!
The centaur shoots an arrow.
The arrow hits you.
* * * LOW HITPOINT WARNING * * *
You see here an arrow.
You flicker for a moment.
The centaur shoots an arrow.
The arrow hits you!
* * * LOW HITPOINT WARNING * * *
The centaur shoots an arrow.
The arrow hits you!
You die...

...#......#....#..)...#
...#......#....#......#
...#......#....#......#
...########....'......#
รท........
#....#......# ...(.....
#....#......# .........
#....#......# .........
#....#......# ...####'#
###'##@.....# ...# .
#....#......# ...#
#....#......# ...#
#....#......# ...#
#....#......# ...####
#....#......# ...#....
######c.....# ...#..%.c
#((((.......#
...#......#)(.........#


You could see a centaur.

Vanquished Creatures
  A hydra (D:8)
  A cyclops (D:11)
  Maurice (D:11)
  A gargoyle (D:11)
  A centaur skeleton (D:10)
  A komodo dragon (D:8)
  A troll (D:11)
  Grinder (D:6)
  A two-headed ogre (D:9)
  Prince Ribbit (D:8)
  A spriggan (D:9)
  5 yaks (D:10)
  A wraith (D:11)
  Eustachio (D:6)
  A hippogriff (D:10)
  A mottled dragon (D:11)
  Duvessa (D:4)
  An eye of draining (D:9)
  3 ice beasts
  3 black bears
  3 orc warriors
  7 ogres
  A sky beast (D:8)
  A wasp (D:6)
  A necrophage (D:10)
  A crocodile (D:10)
  12 centaurs
  3 big kobolds
  4 giant frogs
  A gnoll sergeant (D:8)
  Dowan (D:4)
  A water moccasin zombie (D:10)
  A wyvern zombie (D:10)
  3 scorpions
  5 killer bees (D:9)
  2 howler monkeys (D:10)
  8 wights
  7 jellies
  2 crimson imps
  A centaur zombie (D:11)
  2 quasits
  A gnoll shaman (D:7)
  5 hounds
  2 orc priests
  Crazy Yiuf (D:4)
  2 giant frog skeletons
  6 orc wizards
  2 iguanas
  Terence (D:2)
  8 worker ants
  3 sheep (D:11)
  A hound zombie (D:5)
  2 hound skeletons
  3 worker ant zombies
  13 adders
  22 gnolls
  4 shadow imps
  An adder zombie (D:6)
  3 adder skeletons
  2 dart slugs
  A worm (D:2)
  5 giant geckos
  18 orcs
  2 ball pythons
  6 giant cockroaches
  20 goblins
  13 hobgoblins
  12 jackals
  6 quokkas
  7 bats
  A giant gecko zombie (D:6)
  3 giant newts (D:1)
  24 kobolds
  4 rats
299 creatures vanquished.

Vanquished Creatures (others)
  Robin (D:2)
1 creature vanquished.

Grand Total: 300 creatures vanquished

Notes
Turn   | Place    | Note
--------------------------------------------------------------
     0 | D:1      | lorenzova the Deep Elf Conjurer began the quest for the Orb.
     0 | D:1      | Reached XP level 1. HP: 10/10 MP: 6/6
   184 | D:1      | Reached XP level 2. HP: 15/15 MP: 6/8
   881 | D:2      | Reached skill level 4 in Spellcasting
   881 | D:2      | Reached skill level 5 in Conjurations
   881 | D:2      | Reached XP level 3. HP: 19/19 MP: 4/10
  1115 | D:2      | Noticed Robin
  1553 | D:2      | Found an iron altar of Okawaru.
  1622 | D:2      | Reached XP level 4. HP: 24/24 MP: 10/12
  1628 | D:2      | Learned a level 4 spell: Iskenderun's Mystic Blast
  1914 | D:2      | Killed Robin
  2227 | D:2      | Noticed Terence
  2233 | D:2      | Killed Terence
  2603 | D:2      | Reached skill level 5 in Spellcasting
  2628 | D:2      | Reached XP level 5. HP: 28/28 MP: 11/14
  2931 | D:3      | Found a burning altar of Makhleb.
  3720 | D:4      | Noticed Dowan
  3739 | D:4      | Reached XP level 6. HP: 23/32 MP: 7/16
  4076 | D:4      | Gained mutation: You are somewhat resistant to further mutation. [potion of beneficial mutation]
  4117 | D:4      | Noticed Crazy Yiuf
  4119 | D:4      | Killed Crazy Yiuf
  4119 | D:4      | Reached skill level 6 in Spellcasting
  4269 | D:4      | Noticed Duvessa
  4280 | D:4      | Killed Duvessa
  4502 | D:4      | Killed Dowan
  4604 | D:4      | Found Ijogueg's Weapon Emporium.
  4702 | D:5      | Entered Level 5 of the Dungeon
  4840 | D:5      | Reached skill level 7 in Spellcasting
  4840 | D:5      | Reached XP level 7. HP: 36/36 MP: 10/19
  4974 | D:5      | Found a radiant altar of Vehumet.
  4993 | D:5      | Found a staircase to the Ecumenical Temple.
  5204 | Temple   | Entered the Ecumenical Temple
  5208 | Temple   | Became a worshipper of Sif Muna the Loreminder
  5258 | D:5      | Reached skill level 8 in Spellcasting
  5610 | D:5      | Found a bloodstained altar of Trog.
  5610 | D:5      | Found a snail-covered altar of Cheibriados.
  6083 | D:6      | Noticed Eustachio
  6125 | D:6      | Killed Eustachio
  6125 | D:6      | Reached * piety under Sif Muna
  6125 | D:6      | Reached skill level 9 in Spellcasting
  6125 | D:6      | Reached XP level 8. HP: 39/41 MP: 12/23
  6254 | D:6      | Found an oddly glowing altar of Pakellas.
  6516 | D:6      | Found a shadowy altar of Dithmenos.
  6837 | D:6      | Reached ** piety under Sif Muna
  6985 | D:6      | Reached skill level 10 in Spellcasting
  7157 | D:6      | Reached skill level 10 in Conjurations
  7665 | D:6      | Noticed Grinder
  7669 | D:6      | Killed Grinder
  7669 | D:6      | Reached skill level 11 in Spellcasting
  7669 | D:6      | Reached XP level 9. HP: 45/45 MP: 17/26
  8094 | D:6      | Learned a level 5 spell: Iskenderun's Battlesphere
  8242 | D:7      | Reached *** piety under Sif Muna
  8494 | D:7      | Found Oviuram's Assorted Antiques.
  8502 | D:7      | Bought a scroll of identify for 58 gold pieces
  8502 | D:7      | Bought a runed leather armour for 58 gold pieces
  8563 | D:7      | Lost mutation: You are somewhat resistant to further mutation. [potion of cure mutation]
  8565 | D:7      | Gained mutation: You have sharp toenails. [potion of beneficial mutation]
  8927 | D:7      | Found a white marble altar of Elyvilon.
  9660 | D:8      | Reached skill level 12 in Spellcasting
  9787 | D:8      | Noticed a seven-headed hydra
 10298 | D:8      | Noticed a komodo dragon
 10303 | D:8      | Killed a komodo dragon
 10303 | D:8      | Reached **** piety under Sif Muna
 10382 | D:8      | Noticed Prince Ribbit
 10383 | D:8      | Killed Prince Ribbit
 10736 | D:8      | Found a staircase to the Lair.
 10796 | D:8      | Reached XP level 10. HP: 50/50 MP: 18/28
 10808 | D:8      | Killed a seven-headed hydra
 10808 | D:8      | Reached skill level 13 in Spellcasting
 10816 | D:8      | Reached ***** piety under Sif Muna
 11904 | D:9      | Reached skill level 14 in Spellcasting
 12380 | D:10     | Entered Level 10 of the Dungeon
 12481 | D:10     | Reached skill level 1 in Armour
 13493 | D:10     | Reached XP level 11. HP: 54/54 MP: 21/31
 13493 | D:10     | Reached skill level 1 in Shields
 14186 | D:11     | Reached ****** piety under Sif Muna
 14212 | D:11     | Received a gift from Sif Muna
 14228 | D:11     | Learned a level 6 spell: Bolt of Fire
 14344 | D:11     | Found Anaumur's Food Shoppe.
 14639 | D:11     | Noticed Maurice
 14643 | D:11     | Killed Maurice
 14786 | D:11     | Found a staircase to the Orcish Mines.
 15030 | D:11     | Shot with an arrow by a centaur

Skill      XL: |  1  2  3  4  5  6  7  8  9 10 11 |
---------------+----------------------------------+-----
Spellcasting   | 4 5 7 9 11 12 14 | 14.9
Conjurations   | 5 6 7 8 10 11 13 | 13.5
Armour         | 2 3 |  3.5
Shields        | 3 |  3.1
Dodging        | |  2.4
Stealth        | |  2.4

Action                   |  1- 3 |  4- 6 |  7- 9 | 10-12 || total
-------------------------+-------+-------+-------+-------++-------
Melee: Dagger            |       |    13 |    11 |     4 ||    28
       Kick              |       |       |       |     3 ||     3
 Cast: Magic Dart        |    81 |   121 |   328 |   163 ||   693
       Iskenderun's Myst |       |    10 |    26 |    20 ||    56
       Iskenderun's Batt |       |       |    22 |    37 ||    59
       Bolt of Fire      |       |       |       |     1 ||     1
  Use: Scroll            |       |     4 |     3 |     5 ||    12
       Potion            |       |     1 |     6 |     2 ||     9
 Stab: Sleeping          |       |     1 |       |       ||     1
  Eat: Chunk             |     1 |     8 |    14 |    11 ||    34
       Meat ration       |       |     1 |       |       ||     1
       Fruit             |       |       |     4 |     1 ||     5
Armor: Robe              |     4 |     5 |     8 |       ||    17
       Leather armour    |       |       |     4 |    13 ||    17
Dodge: Dodged            |     8 |    25 |    47 |    30 ||   110
Block: Buckler           |       |       |       |     7 ||     7
